 Dungeon Crawl Stone Soup version 0.16-a0-3122-gccf308e (webtiles) character file.

93 Gorice the Cutter (level 4, -2/30 HPs)
             Began as a High Elf Wanderer on Dec 13, 2014.
             Slain by myeffort's ghost (10 damage)
             ... on level 3 of the Dungeon.
             The game lasted 00:13:18 (2428 turns).

Gorice the Cutter (High Elf Wanderer)               Turns: 2428, Time: 00:13:18

Health: -2/30      AC:  6    Str: 12    XL:     4   Next: 36%
Magic:  9/9        EV: 12    Int: 13    God:
Gold:   138        SH:  0    Dex: 17    Spells: 0 memorised, 5 levels left

rFire  . . .     SeeInvis .     a - +1 rapier
rCold  . . .     Clarity  .     z - +2 leather armour
rNeg   . . .     SustAb   +     (no shield)
rPois  .         Gourm    .     (no helmet)
rElec  .         Spirit   .     (no cloak)
rCorr  .         Warding  .     p - +0 pair of gloves
rMut   .         Stasis   .     (no boots)
MR     .....                    (no amulet)
Stlth  ++........               (no ring)
                                r - ring of sustain abilities

@: not resistant to hostile enchantments, unstealthy
A: no striking features
a: no special abilities


You were on level 3 of the Dungeon.
You were not hungry.

You visited 1 branch of the dungeon, and saw 3 of its levels.

You collected 138 gold pieces.

Inventory:

Hand weapons
 a - a +1 rapier (weapon)
 d - a +0 dagger
 e - a +0 spear
 g - a cursed +0 quarterstaff
Missiles
 c - 19 arrows
 h - 2 javelins
 m - 21 poisoned needles
 q - 22 poisoned arrows
 x - 7 curare-tipped needles
 Z - 71 stones (quivered)
Armour
 p - a +0 pair of gloves (worn)
 z - a +2 leather armour (worn)
Jewellery
 n - an uncursed ring of magical power
 r - a ring of sustain abilities (left hand)
Magical devices
 i - a wand of fireball (0)
Scrolls
 y - 2 scrolls of remove curse
Potions
 b - 2 potions of curing
 j - 4 potions of haste
 k - a potion of agility {unknown}
 l - 3 potions of heal wounds {unknown}
 s - a potion of restore abilities {unknown}
 v - a potion of poison {unknown}
Comestibles
 f - a bread ration
 t - 8 fruits
 w - 5 chunks of flesh


   Skills:
 + Level 2.5 Fighting
 * Level 2.8 Short Blades
 - Level 1.5 Polearms
 - Level 1.1 Throwing
 + Level 2.5 Dodging
 - Level 2.1 Stealth
 - Level 1.2 Spellcasting
   Level 1.2 Charms
   Level 1.0 Summonings


You had 5 spell levels left.
You didn't know any spells.

Dungeon Overview and Level Annotations

Branches:
Dungeon (3/15)

Altars:

Annotations:
D:3 myeffort's ghost, average OgWz


Message History

The fireball explodes!
The fireball engulfs myeffort's ghost.
Myeffort's ghost is moderately damaged.
Evoking this partially-identified wand wasted a few charges.
You hear a shout!
Evoke which item? (* to show all) (? for menu, Esc to quit)
Zapping:
i - a wand of fireball {zapped: 2} (will waste charges)
Press: ? - help, Shift-Dir - straight line, f/p - myeffort's ghost
Aim: myeffort's ghost (moderately damaged)
The fireball explodes!
The fireball engulfs myeffort's ghost.
Myeffort's ghost is heavily damaged.
Evoking this partially-identified wand wasted a few charges.
An adder comes into view.
You hit myeffort's ghost.
Myeffort's ghost is heavily damaged.
Myeffort's ghost hits you!
Ouch! That really hurt!
* * * LOW HITPOINT WARNING * * *
Unknown command.
Myeffort's ghost hits you!
You die...

#...# #...# . #.S.# ...
###...# ....
#####.....########...
#.....#...........#
#.................#
#######.W.........######
.........@................
########?(...............
#.....#........รท........
#.###.##...............<
#.#<#.#######...........
#.#.#.# #.........[
#...#.# #.....[....
#####.# #.......... #.#
#..........


You could see myeffort's ghost and an adder.

Vanquished Creatures
  3 adders (D:2)
  A giant mite (D:2)
  2 worms (D:2)
  A ball python (D:1)
  2 bats
  3 giant cockroaches
  8 goblins
  5 hobgoblins
  9 kobolds
  2 quokkas
  4 giant newts
  6 rats
46 creatures vanquished.

Notes
Turn   | Place    | Note
--------------------------------------------------------------
     0 | D:1      | Gorice, the High Elf Wanderer, began the quest for the Orb.
     0 | D:1      | Gorice set off with: a +2 leather armour, a potion of curing, a potion of lignification, a +0 dagger, a bread ration
     0 | D:1      | Reached XP level 1. HP: 13/13 MP: 3/3
   305 | D:1      | Reached XP level 2. HP: 14/19 MP: 4/4
   396 | D:1      | Reached skill level 1 in Short Blades
  1056 | D:2      | Reached XP level 3. HP: 13/24 MP: 6/6
  1896 | D:2      | Reached XP level 4. HP: 16/30 MP: 9/9
  2420 | D:3      | Noticed myeffort's ghost (average OgWz)
  2428 | D:3      | Slain by myeffort's ghost

Action                   |  1- 3 |  4- 6 || total
-------------------------+-------+-------++-------
Melee: Dagger            |   203 |    64 ||   267
       Rapier            |       |    16 ||    16
Throw: Stone             |    35 |    13 ||    48
       Javelin           |     3 |     5 ||     8
Evoke: Wand              |       |     2 ||     2
  Use: Scroll            |     3 |     4 ||     7
       Potion            |       |     1 ||     1
 Stab: Sleeping          |     3 |       ||     3
  Eat: Chunk             |     3 |     2 ||     5
